 Dungeon Crawl Stone Soup version 0.25-a0-657-ge95d391c20 (webtiles) character file.

Game seed: 2602912757917899777, levelgen mode: deterministic

16564 funkygono the Basher (level 12, -15/106 HPs)
             Began as a Minotaur Fighter on Mar 21, 2020.
             Was an Elder of the Shining One.
             Demolished by a minotaur
             ... wielding a +4 broad axe of venom
              (42 damage)
             ... in a Gauntlet on Mar 22, 2020.
             The game lasted 00:35:47 (10584 turns).

funkygono the Basher (Minotaur Fighter)            Turns: 10584, Time: 00:35:48

Health: -15/106    AC: 16    Str: 22    XL:     12   Next: 11%
Magic:  16/16      EV: 12    Int:  8    God:    the Shining One [****..]
Gold:   438        SH: 13    Dex: 14    Spells: 11/11 levels left

rFire    . . .     SeeInvis +   a - +3 whip (flame)
rCold    . . .     Gourm    .   c - +0 kite shield
rNeg     + + .     Faith    .   F - +1 swamp dragon scales
rPois    +         Spirit   .   b - +1 hat {MR+}
rElec    .         Reflect  .   (no cloak)
rCorr    .         Harm     +   i - +1 pair of gloves
MR       +....     NoTele   +   K - +0 pair of boots
Stlth    ..........             A - amulet of harm
HPRegen  0.27/turn              y - ring of see invisible
MPRegen  0.15/turn              t - ring "Miuruonapp" {Int+3 SInv Stlth-}

@: glowing
A: retaliatory headbutt, horns 2
a: Divine Shield, Cleansing Flame, Renounce Religion


You were in a Gauntlet.
You worshipped the Shining One.
The Shining One was greatly pleased with you.
You were not hungry.

You visited 3 branches of the dungeon, and saw 11 of its levels.
You also visited: Sewer and Gauntlet.

You collected 438 gold pieces.

Inventory:

Hand Weapons
 a - a +3 whip of flaming (weapon)
 x - a +1 vorpal flail
 M - a +2 whip of electrocution
Missiles
 n - 389 stones (quivered)
 p - 90 sling bullets
 q - 74 bolts
Armour
 b - a +1 hat of magic resistance (worn)
 c - a +0 kite shield (worn)
 i - a +1 pair of gloves (worn)
 C - a +3 scale mail
 D - a +4 chain mail
 F - +1 swamp dragon scales (worn)
 K - a +0 pair of boots (worn)
Magical Staves
 J - an uncursed staff of fire
Jewellery
 t - the ring "Miuruonapp" (right hand) {Int+3 SInv Stlth-}
   (You found it in a Gauntlet)

   [ring of attention]

   It affects your intelligence (+3).
   It lets you see invisible.
   It makes you less stealthy.
 y - a ring of see invisible (left hand)
 A - an amulet of harm (around neck)
 E - an uncursed amulet of regeneration
 I - an uncursed ring of protection from cold
Wands
 m - a wand of iceblast (12)
 L - a wand of flame (15)
Scrolls
 g - 2 scrolls of fog
 o - 7 scrolls of teleportation
 s - 10 scrolls of remove curse
 v - a scroll of identify
 w - 2 scrolls of magic mapping
Potions
 d - 4 potions of might
 e - 2 potions of cancellation
 h - a potion of flight
 j - a potion of mutation
 k - 7 potions of curing
 l - 5 potions of brilliance
 r - 3 potions of magic
 u - 8 potions of heal wounds
 z - 3 potions of haste
 B - a potion of berserk rage
 G - 2 potions of resistance
 H - a potion of lignification
Comestibles
 f - 14 rations


   Skills:
 + Level 9.7 Fighting
 + Level 13.0 Maces & Flails
 + Level 9.8 Armour
 + Level 3.4 Dodging
 + Level 2.1 Stealth
 + Level 11.8 Shields
 * Level 7.4 Invocations


You had 11 spell levels left.
You didn't know any spells.
Your spell library contained the following spells:

 Spells                   Type           Power        Failure   Level  Hunger
 Blink                    Tloc           N/A          82%         2    ###....
 Recall                   Summ/Tloc      N/A          96%         3    ####...
 Dispersal                Tloc           #.........   100%        6    #######
 Controlled Blink         Tloc           N/A          100%        8    #######


Dungeon Overview and Level Annotations

Branches:
Dungeon (8/15)             Temple (1/1) D:5            Lair (2/6) D:8
  Sewer (visited)         Gauntlet (1/1)
  Swamp: Lair:2-4    Shoals: Lair:2-4     Snake: Lair:2-4    Spider: Lair:2-4

Altars:
Ashenzari
Cheibriados
Dithmenos
Elyvilon
Fedhas
Gozag
Hepliaklqana
Kikubaaqudgha
Makhleb
Nemelex Xobeh
Okawaru
Qazlal
Ru
Sif Muna
Trog
Uskayaw
Vehumet
Wu Jian
Xom
Yredelemnul
Zin
The Shining One

Shops:
D:7 **:}

Annotations:
Gauntlet 6 transporters


Innate Abilities, Weirdness & Mutations

You reflexively headbutt those who attack you in melee.
You have a pair of horns on your head.


Message History

You whack the minotaur! You burn the minotaur.
The minotaur is almost dead.
You hit the minotaur but do no damage.
The minotaur is almost dead.
The minotaur drinks a potion.
The minotaur is healed!
You hit the minotaur but do no damage.
You headbutt the minotaur, but do no damage.
The minotaur is severely wounded.
You hit the minotaur but do no damage. Your headbutt misses the minotaur.
The minotaur is severely wounded.
The minotaur hits you with a +4 broad axe of venom!!
* * * LOW HITPOINT WARNING * * *
The minotaur gores you.
* * * LOW HITPOINT WARNING * * *
You hit the minotaur. You burn the minotaur.
The minotaur is severely wounded.
You hit the minotaur but do no damage.
The minotaur is severely wounded.
The minotaur hits you with a +4 broad axe of venom!!
You die...

#≈...............≈#
#####.###.###.#####
##.###.###.###
#.............#
#.###.###.###.#
#.###.###.###.#
#......(......#
######'#######
#..@..# ###H### ...
≈≈∩≈≈ #≈≈≈≈≈#
#######


You could see a minotaur.

Vanquished Creatures
  Gastronok (D:8)
  2 hydras
  An ugly thing (D:8)
  5 black mambas (Lair:1)
  The ghost of throwaway1 the Poker, a novice MiBe of Trog (D:5)
  7 spiny frogs
  A komodo dragon (D:8)
  2 raiju (Gauntlet)
  Grinder (D:6)
  A hippogriff (Lair:1)
  14 flying skulls (Gauntlet)
  2 dream sheep (D:8)
  3 wyverns (D:8)
  6 yaks
  A basilisk (Lair:2)
  A steam dragon (D:8)
  2 water moccasins
  A black bear (D:7)
  4 orc warriors
  2 sky beasts (D:6)
  4 ogres
  2 phantoms
  A centaur (D:8)
  5 crocodiles
  3 big kobolds (D:8)
  5 bullfrogs
  A scorpion (D:8)
  10 killer bees
  2 bullfrog zombies (D:7)
  2 crimson imps (D:5)
  A quasit (D:8)
  2 jellies (D:8)
  4 orc priests
  A gnoll shaman (D:7)
  3 hounds
  2 iguanas
  2 lightning spires (Gauntlet)
  4 orc wizards
  8 worker ants
  A hound skeleton (D:8)
  9 gnolls
  14 adders
  4 river rats (Sewer)
  2 shadow imps (D:6)
  4 oozes
  2 adder skeletons
  2 worms
  2 dart slugs
  4 leopard geckos
  25 orcs
  10 ball pythons
  5 giant cockroaches
  3 goblins (D:3)
  5 hobgoblins
  7 jackals
  6 quokkas
  4 bats
  6 frilled lizards
  6 kobolds
  29 rats
270 creatures vanquished.

Vanquished Creatures (others)
  5 fungi (Gauntlet)
  16 plants (Gauntlet)
  8 withered plants (Gauntlet)
29 creatures vanquished.

Grand Total: 299 creatures vanquished

Notes
Turn   | Place    | Note
-------+----------+-------------------------------------------
     0 | D:1      | funkygono the Minotaur Fighter began the quest for the Orb.
     0 | D:1      | Reached XP level 1. HP: 19/19 MP: 0/0
   516 | D:1      | Reached XP level 2. HP: 18/27 MP: 1/1
  1005 | D:2      | Reached XP level 3. HP: 32/33 MP: 2/2
  1315 | D:2      | Found a glowing golden altar of the Shining One.
  1315 | D:2      | Found a bloodstained altar of Trog.
  1318 | D:2      | Became a worshipper of the Shining One
  1414 | D:2      | Reached XP level 4. HP: 24/41 MP: 3/3
  1576 | D:2      | Reached skill level 3 in Maces & Flails
  1653 | D:2      | Found a sacrificial altar of Ru.
  2121 | D:3      | Found a glowing drain.
  2138 | Sewer    | Entered a sewer
  2246 | Sewer    | Reached XP level 5. HP: 39/47 MP: 4/4
  2258 | Sewer    | Reached skill level 5 in Shields
  2264 | Sewer    | Reached * piety under the Shining One
  2353 | Sewer    | Reached skill level 1 in Dodging
  2570 | Sewer    | Reached skill level 4 in Maces & Flails
  2636 | Sewer    | Reached XP level 6. HP: 16/53 MP: 5/5
  2678 | Sewer    | Reached skill level 5 in Armour
  3343 | D:4      | Reached skill level 5 in Fighting
  3343 | D:4      | Reached XP level 7. HP: 29/61 MP: 6/6
  3570 | D:4      | Reached skill level 5 in Maces & Flails
  3674 | D:4      | Reached ** piety under the Shining One
  3944 | D:5      | Entered Level 5 of the Dungeon
  4201 | D:5      | Found a burning altar of Makhleb.
  4209 | D:5      | Found a glowing silver altar of Zin.
  4209 | D:5      | Noticed an angel
  4209 | D:5      | Noticed an Executioner
  4389 | D:5      | Found a staircase to the Ecumenical Temple.
  4400 | Temple   | Entered the Ecumenical Temple
  4577 | D:5      | Found a large runed translucent door.
  4578 | D:5      | Found a large runed translucent door.
  4579 | D:5      | Noticed throwaway1's ghost (novice MiBe)
  4603 | D:5      | Reached skill level 6 in Maces & Flails
  4998 | D:5      | Killed throwaway1's ghost
  4998 | D:5      | Reached XP level 8. HP: 49/69 MP: 7/7
  5086 | D:6      | Reached skill level 7 in Maces & Flails
  5196 | D:6      | Reached skill level 1 in Stealth
  5196 | D:6      | Reached skill level 1 in Invocations
  5237 | D:6      | Identified the Tome of Dislocation
  5241 | D:6      | Noticed Grinder
  5260 | D:6      | Killed Grinder
  5284 | D:6      | Reached skill level 8 in Maces & Flails
  5334 | D:6      | Reached XP level 9. HP: 51/75 MP: 9/9
  5755 | D:7      | Found a hazy altar of Hepliaklqana.
  5812 | D:7      | Reached skill level 9 in Maces & Flails
  5877 | D:7      | Found Vazomasa's Book Shoppe.
  6047 | D:7      | Found Econul's General Store.
  6056 | D:7      | Found Jakidwae's General Store.
  6094 | D:7      | Found a shattered altar of Ashenzari.
  6160 | D:7      | Found Ohoez's Gadget Shoppe.
  6313 | D:8      | Noticed Gastronok
  6334 | D:8      | Killed Gastronok
  6334 | D:8      | Reached skill level 10 in Maces & Flails
  6334 | D:8      | Reached XP level 10. HP: 62/86 MP: 8/12
  6588 | D:8      | Reached skill level 11 in Maces & Flails
  6666 | D:8      | Noticed a purple ugly thing
  6678 | D:8      | Killed a purple ugly thing
  6725 | D:8      | Reached skill level 10 in Shields
  6736 | D:8      | Reached skill level 5 in Invocations
  6771 | D:8      | Noticed a three-headed hydra
  6779 | D:8      | Killed a three-headed hydra
  6779 | D:8      | Reached skill level 12 in Maces & Flails
  6784 | D:8      | Upgraded the game from 0.25-a0-647-gd602d06ee1 to
                  | 0.25-a0-657-ge95d391c20
  7078 | D:8      | Reached XP level 11. HP: 52/95 MP: 14/14
  7272 | D:8      | Found a staircase to the Lair.
  7537 | Lair:1   | Entered Level 1 of the Lair of Beasts
  8802 | Lair:1   | Noticed a five-headed hydra
  8810 | Lair:1   | Killed a five-headed hydra
  9580 | Lair:2   | Found a gate leading to a gauntlet.
  9596 | Gauntlet | Entered a Gauntlet
  9596 | Gauntlet | Found a transporter.
  9596 | Gauntlet | Found a transporter.
  9597 | Gauntlet | Found a transporter.
  9598 | Gauntlet | Reached *** piety under the Shining One
  9599 | Gauntlet | Found a transporter.
  9600 | Gauntlet | Found a transporter.
  9600 | Gauntlet | Found a transporter.
  9611 | Gauntlet | Found a transporter.
  9611 | Gauntlet | Found a transporter.
  9614 | Gauntlet | Found a transporter.
  9624 | Gauntlet | Found a transporter.
  9625 | Gauntlet | Found a transporter.
  9629 | Gauntlet | Found a transporter.
 10177 | Gauntlet | Got a coiled jade ring
 10179 | Gauntlet | Identified the ring "Miuruonapp" {Int+3 SInv Stlth-} (You
                  | found it in a Gauntlet)
 10457 | Gauntlet | Reached **** piety under the Shining One
 10472 | Gauntlet | Reached skill level 13 in Maces & Flails
 10481 | Gauntlet | Reached XP level 12. HP: 94/105 MP: 14/16
 10565 | Gauntlet | Noticed a minotaur
 10584 | Gauntlet | Demolished by a minotaur

Levels and vault maps discovered:
D:1:      sevenhm_arrival_forest_fort_large_4, layout_basic, minmay_misc_feat_x
D:2:      layout_loops_cross, marbit_many_paths,
          gammafunk_temple_overflow_elements, first_ration
D:3:      layout_rooms, portal_sewer_entry_a, lightli_corner_chamber
D:4:      layout_basic
D:5:      layout_loops_corners, grunt_temple_overflow_order_and_chaos_2,
          minmay_temple_entry_glassed_door, ebering_ghost_disaster_area,
          water_maze_lemuel
D:6:      layout_loops_ring, hangedman_minor_gate_pass, uniq_grinder
D:7:      layout_rooms, cheibrodos_ashenzari_chains, serial_shops,
          nicolae_shop_behind_doors, shop, nicolae_shop_statue_plus,
          nicolae_shop_waterfront, basic_altar
D:8:      layout_loops_ring, erik_lair_dragon, hangedman_ranch
          [blue_anna_fruit_fields], uniq_gastronok
Temple:   kb_temple_of_zot
Lair:1:   cheibrodos_lair_river_kwai, layout_gridlike
Lair:2:   layout_roguey, gauntlet_entry_generic, grunt_megastairs_1,
          minmay_lair_oklob_chamber
Gauntlet: gammafunk_gauntlet_hard_choice [nicolae_gauntlet_arena_blocks,
          gammafunk_gauntlet_arena_arrow_garden,
          gammafunk_gauntlet_arena_hedges, nicolae_gauntlet_arena_x,
          nicolae_gauntlet_arena_grate_2,
          gammafunk_gauntlet_arena_split_diamond, gauntlet_exit_watery]

Skill      XL: |  1  2  3  4  5  6  7  8  9 10 11 |
---------------+----------------------------------+-----
Shields        | 4 5 6 7 8 9 10 11 | 11.8
Fighting       | 4 5 7 8 9 |  9.7
Armour         | 4 5 6 7 8 9 |  9.8
Maces & Flails | 3 4 6 8 10 12 13 | 13.0
Dodging        | 1 2 3 |  3.4
Stealth        | 1 2 |  2.1
Invocations    | 2 4 5 7 |  7.4

Action                   |  1- 3 |  4- 6 |  7- 9 | 10-12 || total
-------------------------+-------+-------+-------+-------++-------
Melee: Flail             |    61 |   216 |    33 |   109 ||   419
       Headbutt          |     7 |    23 |    57 |    91 ||   178
       Whip              |       |       |   258 |   275 ||   533
Invok: Divine Shield     |       |       |     8 |     4 ||    12
  Use: Scroll            |     7 |     7 |    10 |     9 ||    33
       Potion            |       |     1 |     1 |       ||     2
  Eat: Chunk             |     1 |     7 |     4 |     4 ||    16
       Ration            |       |       |     2 |     3 ||     5
Armor: Scale mail        |    25 |   164 |     9 |       ||   198
       Chain mail        |       |       |    55 |    42 ||    97
       Swamp dragon scal |       |       |       |    34 ||    34
Dodge: Dodged            |    17 |   132 |    49 |    56 ||   254
Block: Kite shield       |    32 |   205 |   142 |   188 ||   567

Table legend:
 A = Non-vault XP
 B = Vault XP
 C = Vault XP percentage of total XP
 D = Non-vault monster count
 E = Vault monster count
 F = Vault count percentage of total count
                 A         B        C        D         E       F
            +---------+---------+-------+---------+---------+-------
      Total |    9345 |   14318 |  60.5 |     172 |      98 |  36.3
            +---------+---------+-------+---------+---------+-------
        D:1 |      26 |       0 |   0.0 |      11 |       0 |   0.0
        D:2 |      92 |      13 |  12.4 |      18 |       1 |   5.3
        D:3 |      57 |       2 |   3.4 |      23 |       2 |   8.0
        D:4 |     444 |       0 |   0.0 |      20 |       0 |   0.0
        D:5 |     258 |     454 |  63.8 |       8 |       1 |  11.1
        D:6 |    1197 |     330 |  21.6 |      27 |       4 |  12.9
        D:7 |    1167 |       0 |   0.0 |      25 |       0 |   0.0
        D:8 |    1477 |    5872 |  79.9 |      23 |      16 |  41.0
     Lair:1 |    3090 |    3319 |  51.8 |      10 |       7 |  41.2
     Lair:2 |    1537 |     147 |   8.7 |       7 |       1 |  12.5
      Sewer |       0 |     358 | 100.0 |       0 |      48 | 100.0
   Gauntlet |       0 |    3823 | 100.0 |       0 |      18 | 100.0
            +---------+---------+-------+---------+---------+-------
